 Dungeon Crawl Stone Soup version 0.29-a0-323-g050149af67 (webtiles) character file.

Game seed: 3849159082099971104

2447 Essalna the Skirmisher (level 9, -3/67 HPs)
             Began as a Djinni Conjurer on Apr 12, 2022.
             Was an Initiate of Makhleb.
             Slain by a wight
             ... wielding a +0 halberd
              (10 damage)
             ... on level 8 of the Dungeon.
             The game lasted 00:17:38 (9067 turns).

Essalna the Skirmisher (Djinni Conjurer)            Turns: 9067, Time: 00:17:38

Health: -3/67      AC:  5    Str:  6    XL:     9   Next: 78%
Gold:   108        EV: 13    Int: 25    God:    Makhleb [......] SH:  5 Dex: 11

rFire   + + .      SeeInvis +   q - staff of conjuration
rCold   x . .      Faith    .   h - +1 buckler
rNeg    . . .      Spirit   .   a - +0 robe
rPois   ∞          Reflect  .   w - +2 helmet {SInv}
rElec   .          Harm     .   (no cloak)
rCorr   .          Rampage  .   (no gloves)
Will    .....                   (boots unavailable)
Stlth   ++........              (no amulet)
HPRegen 0.21/turn               (no ring)
MPRegen 0.00/turn               (no ring)

@: flying
A: sickness immunity, fire resistance 2, cold vulnerability 1, float, innate
caster, HP casting, extra vitality 1
a: Renounce Religion


You were on level 8 of the Dungeon.
You worshipped Makhleb.
Makhleb was noncommittal.
You visited 2 branches of the dungeon, and saw 9 of its levels.

You collected 343 gold pieces.
You spent 235 gold pieces at shops.

Inventory:

Armour
 a - a +0 robe (worn)
 e - a +0 helmet
 h - a +1 buckler (worn)
 w - a +2 helmet of see invisible (worn)
Magical Staves
 q - a staff of conjuration (weapon)
 t - a staff of fire
 A - a staff of poison
Jewellery
 z - a ring of wizardry
Wands
 k - a wand of flame (22)
 B - a wand of polymorph (9)
 E - a wand of iceblast (7)
Scrolls
 d - 3 scrolls of teleportation
 f - 2 scrolls of enchant weapon
 m - 2 scrolls of identify
 n - a scroll of enchant armour
 r - a scroll of fear {unknown}
 v - 2 scrolls of vulnerability {unknown}
 x - a scroll of torment {unknown}
 y - a scroll of summoning {unknown}
 D - a scroll of fog {unknown}
Potions
 b - a potion of invisibility
 i - 2 potions of resistance {unknown}
 j - 3 potions of lignification {unknown}
 p - 2 potions of brilliance
 s - a potion of curing
 u - 3 potions of flight {unknown}
 C - a potion of heal wounds {unknown}


   Skills:
 + Level 6.7 Fighting
 + Level 4.4 Armour
 + Level 5.4 Dodging
 - Level 1.5 Stealth
 - Level 4.0 Shields
 + Level 6.2 Spellcasting


You couldn't memorise any spells.
You knew the following spells:

 Your Spells              Type           Power      Damage    Failure   Level
a - Magic Dart            Conj           100%       1d8       1%          1
b - Searing Ray           Conj           100%       2d8       1%          2
c - Dazzling Flash        Conj/Hex       100%       N/A       1%          3
d - Fulminant Prism       Conj/Hex       28%        3d14      7%          4
e - Iskenderun's Mystic   Conj/Tloc      56%        2d12      7%          4
f - Apportation           Tloc           78%        N/A       1%          1
g - Scorch                Fire           78%        2d8       1%          2
h - Ensorcelled Hibernat  Hex/Ice        78%        N/A       1%          2
i - Summon Ice Beast      Ice/Summ       39%        N/A       7%          4
Your spell library was empty.

Dungeon Overview and Level Annotations

Branches:
Dungeon (8/15)             Temple (1/1) D:7
   Lair: D:8-11

Altars:
Ashenzari
Cheibriados
Dithmenos
Elyvilon
Fedhas
Gozag
Kikubaaqudgha
Makhleb
Nemelex Xobeh
Okawaru
Qazlal
Ru
Sif Muna
Trog
Uskayaw
Vehumet
Xom
Yredelemnul
Zin
The Shining One

Shops:
D:1 (   D:6 ?[*!

Annotations:
D:6 1 runed translucent door, Murumi's ghost, novice DgHu


Innate Abilities, Weirdness & Mutations

You are immune to sickness and miasma.
You are immune to poison.
Your flesh is very heat resistant. (rF++)
You are vulnerable to cold. (rC-)
You float through the air rather than walking.
You learn spells naturally, not from books.
Your magical power is your life essence.
You have superior vitality. (+4 MHP)


Message History

Flames lash the wight.
The wight is burned terribly!
You destroy the wight!
Makhleb accepts your kill.
Items here: )) [[.
A wight comes into view.
It is wielding a +0 halberd and wearing a +2 robe of fire resistance.
Your magical contamination has completely faded away.
Casting: Scorch (safe; 1% risk of failure)
Confirm with . or Enter, or press ? or * to list all spells.
Flames lash the wight.
The wight resists.
The wight is lightly damaged.
The wight's fire resistance burns away.
You hear a shout!
A goblin comes into view. It is wielding a +0 spear.
You hear a shout!
Casting: Scorch (safe; 1% risk of failure)
Confirm with . or Enter, or press ? or * to list all spells.
Flames lash the wight.
The wight is heavily damaged.
A goblin comes into view. It is wielding a +0 spear.
You block the wight's attack.
Casting: Scorch (safe; 1% risk of failure)
Confirm with . or Enter, or press ? or * to list all spells.
Flames lash the wight.
The wight is severely damaged.
The wight hits you from afar with a +0 halberd!
Casting: Scorch (safe; 1% risk of failure)
Confirm with . or Enter, or press ? or * to list all spells.
Flames lash the goblin.
You kill the goblin!
Makhleb accepts your kill.
The goblin throws a stone.
The stone hits you.
The wight hits you from afar with a +0 halberd!
* * * LOW HITPOINT WARNING * * *
Casting: Scorch (safe; 1% risk of failure)
Confirm with . or Enter, or press ? or * to list all spells.
Flames lash the wight but do no damage.
* * * LOW HITPOINT WARNING * * *
The goblin throws a stone.
You block the stone.
The wight hits you from afar with a +0 halberd!
You die...

#.# *..,,,,,,,,,,,,,,
#.# ##.#********,***,*
#.#*#..####*,,,,,* *,,
#.#*......,,,***,***,*
#.###..#****** *,,,,,*
#......# ***,*,*
#<.##)## ****,,,*
#...#.# *******,,,,,,,
#.#.#@#**,,,,,,,,,,,,,
#.#.#..#*,****,,*,,,,*
#......z),,,,,,,,,,,,,
###.##.#.#****,≈≈≈≈≈≈≈
#.#*.#.# *,≈**,**≈
#,**g#,# *,≈*,,,*≈
*,**.#,* *,≈*,∩,*≈
*,*,..<*****,≈*,,,*≈
*,,,*,,,,,,,,≈*****≈


You could see a wight (combustible) and a goblin.

Vanquished Creatures
  Sigmund (D:2)
  A sky beast (D:6)
  An orc warrior (D:7)
  An ice beast (D:6)
  4 ogres
  2 centaurs
  A phantom (D:5)
  A bullfrog (D:7)
  2 scorpions
  8 wights
  4 hounds
  3 orc priests
  2 iguanas
  Natasha (thrice) (D:2)
  7 orc wizards
  Robin (D:3)
  9 adders
  3 gnolls (D:4)
  A white imp (D:7)
  3 worms
  4 dart slugs
  35 orcs
  6 ball pythons
  5 endoplasms
  5 giant cockroaches
  26 goblins
  8 hobgoblins
  8 jackals
  6 quokkas
  10 bats
  2 frilled lizards
  8 kobolds
  5 rats
186 creatures vanquished.

Notes
Turn   | Place    | Note
-------+----------+-------------------------------------------
     0 | D:1      | Essalna the Djinni Conjurer began the quest for the Orb.
     0 | D:1      | Reached XP level 1. HP: 15/15 MP: 0/0
    99 | D:1      | Found Quocem's Antique Weapon Emporium.
   152 | D:1      | Reached skill level 1 in Fighting
   152 | D:1      | Reached XP level 2. HP: 7/22 MP: 0/0
   622 | D:1      | Reached XP level 3. HP: 26/27 MP: 0/0
   622 | D:1      | Learned a level 1 spell: Apportation
  1252 | D:2      | Reached XP level 4. HP: 29/33 MP: 0/0
  1302 | D:2      | Noticed Sigmund
  1361 | D:2      | Found a glowing golden altar of the Shining One.
  1625 | D:2      | Noticed Natasha
  1631 | D:2      | Killed Natasha
  1687 | D:2      | Reached skill level 1 in Shields
  1687 | D:2      | Reached XP level 5. HP: 36/39 MP: 0/0
  1687 | D:2      | Learned a level 2 spell: Scorch
  1792 | D:2      | Noticed Natasha
  1795 | D:2      | Killed Natasha
  1863 | D:2      | Killed Sigmund
  1864 | D:2      | Reached XP level 6. HP: 15/46 MP: 0/0
  2023 | D:2      | Noticed Natasha
  2027 | D:2      | Killed Natasha
  2348 | D:3      | Noticed Robin
  2355 | D:3      | Killed Robin
  2631 | D:3      | Reached XP level 7. HP: 45/51 MP: 0/0
  2631 | D:3      | Learned a level 2 spell: Ensorcelled Hibernation
  2645 | D:3      | You are sucked into a shaft and drop 3 floors!
  2683 | D:6      | Found Qynimil's Distillery.
  2693 | D:5      | Entered Level 5 of the Dungeon
  2993 | D:3      | Found a faded altar of an unknown god.
  3386 | D:3      | You are sucked into a shaft and drop 2 floors!
  4318 | D:4      | Reached skill level 5 in Spellcasting
  4318 | D:4      | Reached XP level 8. HP: 46/58 MP: 0/0
  5620 | D:5      | Reached skill level 5 in Fighting
  5620 | D:5      | Reached skill level 1 in Armour
  6605 | D:6      | Reached XP level 9. HP: 37/66 MP: 0/0
  6605 | D:6      | Learned a level 4 spell: Summon Ice Beast
  6833 | D:6      | Found Sicrom's Magic Scroll Boutique.
  6861 | D:6      | Bought a scroll of teleportation for 33 gold pieces
  6905 | D:6      | Found Ceruj's Assorted Antiques.
  6910 | D:6      | Bought a glowing helmet for 202 gold pieces
  6965 | D:6      | Found a runed translucent door.
  6965 | D:6      | Noticed Murumi's ghost (novice DgHu)
  7228 | D:6      | Found Cugg's Antique Armour Boutique.
  8097 | D:7      | Reached skill level 5 in Dodging
  8167 | D:7      | Found a staircase to the Ecumenical Temple.
  8175 | Temple   | Entered the Ecumenical Temple
  8266 | Temple   | Became a worshipper of Makhleb the Destroyer
  8905 | D:7      | Found a basalt altar of Yredelemnul.
  8905 | D:7      | Found an opulent altar of Gozag.
  8941 | D:7      | Noticed a manticore
  9067 | D:8      | Slain by a wight

Illustrated notes

Levels and vault maps discovered:
D:1:      dpeg_arrival_tiny_h, layout_basic, serial_shops, nicolae_diamond_shop
D:2:      layout_basic, basic_altar, uniq_sigmund, uniq_natasha
D:3:      layout_basic, ebering_ecumenical_altar_sacrificial, minmay_between,
          uniq_robin
D:4:      corexii_shantytown, layout_cave_pods
D:5:      layout_loops_corners
D:6:      layout_gridville, hellmonk_ghost_happy_afterlife, serial_shops,
          nicolae_shop_stone, kennysheep_little_box, nicolae_shop_waterfront,
          nicolae_shop_statue_plus
D:7:      layout_basic, gammafunk_temple_overflow_wave, minmay_temple_entry_mist
D:8:      layout_loops_ring, enter_bailey_3
Temple:   mainiacjoe_temple_bowtie_tessellation

Skill      XL: |  1  2  3  4  5  6  7  8  9 |
---------------+----------------------------+-----
Fighting       | 1 2 3 4 5 6 |  6.7
Shields        | 1 2 4 |  4.0
Spellcasting   | 4 5 6 |  6.2
Armour         | 2 4 |  4.4
Dodging        | 3 5 |  5.4
Stealth        | |  1.5

Action                   |  1- 3 |  4- 6 |  7- 9 || total
-------------------------+-------+-------+-------++-------
Melee: Staff             |       |       |     1 ||     1
 Cast: Magic Dart        |    56 |    62 |   268 ||   386
       Searing Ray       |     1 |       |     5 ||     6
       Scorch            |       |    13 |    26 ||    39
       Iskenderun's Myst |       |       |    30 ||    30
  Use: Potion            |       |     3 |       ||     3
       Scroll            |       |       |     7 ||     7
Armor: Robe              |     3 |       |    17 ||    20
Dodge: Dodged            |     2 |     1 |    35 ||    38
Block: Buckler           |       |       |    16 ||    16

Table legend: (Time is in decaauts)
 A = Elapsed time spent in this place.
 B = Non-inter-level travel time spent in this place.
 C = Inter-level travel time spent in this place.
 D = Time resting spent in this place.
 E = Time spent auto-exploring this place.
 F = Levels seen in this place.
 G = Mean time per level.
                   A        B        C        D        E       F      G
               +--------+--------+--------+--------+--------+-----+--------+
         Total |   9071 |   8777 |    294 |    397 |   7342 |   9 | 1007.9 |
       Dungeon |   8951 |   8689 |    262 |    397 |   7264 |   8 | 1118.9 |
        Temple |    120 |     88 |     32 |      0 |     78 |   1 |  120.0 |
               +--------+--------+--------+--------+--------+-----+--------+

Top non-repeatable levels by time:
     D:5: 1603 daAuts
     D:4: 1542 daAuts
     D:2: 1368 daAuts
     D:7: 1287 daAuts
     D:3: 1143 daAuts
     D:1: 1063 daAuts
     D:6: 908 daAuts
  Temple: 120 daAuts
     D:8: 33 daAuts
